 Dungeon Crawl Stone Soup version 0.17.1-2-g5865329 (webtiles) character file.

74 pipel the Sneak (level 4, -3/33 HPs)
             Began as a Formicid Assassin on Jan 30, 2016.
             Slain by a red ugly thing (18 damage)
             ... on level 13 of the Dungeon.
             The game lasted 00:02:21 (129 turns).

pipel the Sneak (Formicid Assassin)                  Turns: 129, Time: 00:02:21

Health: -3/33      AC:  3    Str: 15    XL:     4   Next: 54%
Magic:  4/4        EV: 11    Int: 11    God:
Gold:   21         SH:  0    Dex: 13    Spells: 0 memorised, 3 levels left

rFire  . . .     SeeInvis +     b - +0 blowgun
rCold  . . .     Clarity  .     c - +0 robe
rNeg   . . .     SustAt   .     (no shield)
rPois  .         Gourm    .     (helmet unavailable)
rElec  .         Spirit   .     d - +0 cloak
rCorr  .         Warding  .     (no gloves)
rMut   .         Stasis   +     (no boots)
MR     .....                    (no amulet)
Stlth  +++.......               (no ring)
                                (no ring)

@: not resistant to hostile enchantments, fairly stealthy
A: permanent stasis, dig shafts and tunnels, four strong arms, antennae 3
a: Dig, Shaft Self


You were on level 13 of the Dungeon.
You were not hungry.

You visited 1 branch of the dungeon, and saw 6 of its levels.

You collected 21 gold pieces.

Inventory:

Hand Weapons
 a - a +2 dagger
 b - a +0 blowgun (weapon)
Missiles
 e - 4 poisoned needles (quivered)
Armour
 c - a +0 robe (worn)
 d - a +0 cloak (worn)
Wands
 h - a wand of digging (7)
Scrolls
 i - a scroll of fog
Potions
 j - a potion of curing {unknown}
 l - a potion of brilliance {unknown}
Comestibles
 g - a bread ration


   Skills:
 - Level 2.1 Fighting
 - Level 2.0 Short Blades
 - Level 1.5 Throwing
 - Level 0.8 Dodging
 + Level 7.2 Stealth


You had 3 spell levels left.
You didn't know any spells.

Dungeon Overview and Level Annotations

Branches:
Dungeon (13/15)
 Temple: D:4-7         Lair: D:8-11         Orc: D:9-12      Vaults: D:13-14

Altars:

Shops:
D:10 %


Innate Abilities, Weirdness & Mutations

You are under a permanent stasis effect.
You can dig through walls and to a lower floor.
Your four strong arms can wield two-handed weapons with a shield.
You have a pair of large antennae on your head (SInv).


Message History

A centaur comes into view.
Firing (i - inventory):
e - 6 poisoned needles (quivered)
Press: ? - help, Shift-Dir - straight line, f/p - red ugly thing
Aim: a red ugly thing (moderately wounded, slow, poisoned)
You shoot a poisoned needle.
The poisoned needle closely misses the red ugly thing.
The centaur shouts!
Firing (i - inventory):
e - 5 poisoned needles (quivered)
Press: ? - help, Shift-Dir - straight line, f - hippogriff, p - red ugly thing
Aim: a hippogriff (moderately wounded, slow, poisoned)
You shoot a poisoned needle.
The poisoned needle hits the hippogriff!
The hippogriff looks even sicker.
The hippogriff is moderately wounded.
Are you sure you want to shaft yourself?
You feel quite a bit more hungry.
The red ugly thing is no longer moving slowly.
The red ugly thing claws you!
You are engulfed in flames!!
Ouch! That really hurt!
You die...

. ###### ...
#@...###
...[.##uH....##
........(......
...............
......?.c......
....(..........
....(..........
.......(.......
...............


You could see a red ugly thing, a hippogriff and a centaur.

Vanquished Creatures
  A giant frog (D:10)
  An adder (D:10)
2 creatures vanquished.

Notes
Turn   | Place    | Note
--------------------------------------------------------------
     0 | D:1      | pipel the Formicid Assassin began the quest for the Orb.
     0 | D:1      | Reached XP level 1. HP: 16/16 MP: 1/1
     4 | D:1      | You fall through a shaft!
     7 | D:2      | You fall through a shaft for 2 floors!
    15 | D:4      | You fall through a shaft for 3 floors!
    18 | D:7      | You fall through a shaft for 3 floors!
    18 | D:10     | Entered Level 10 of the Dungeon
    18 | D:10     | Found Cifat's Food Boutique.
    21 | D:10     | Noticed a giant frog
    34 | D:10     | Killed a giant frog
    34 | D:10     | Reached skill level 7 in Stealth
    34 | D:10     | Reached XP level 2. HP: 11/22 MP: 2/2
    34 | D:10     | Reached XP level 3. HP: 13/27 MP: 3/3
    34 | D:10     | Reached XP level 4. HP: 15/33 MP: 4/4
   117 | D:10     | Noticed an orc warrior
   120 | D:10     | You fall through a shaft for 3 floors!
   120 | D:13     | Noticed a red ugly thing
   120 | D:13     | Noticed a hippogriff
   127 | D:13     | Noticed a centaur
   129 | D:13     | Slain by a red ugly thing

Action                   |  1- 3 |  4- 6 || total
-------------------------+-------+-------++-------
Melee: Dagger            |       |     4 ||     4
 Fire: Blowgun           |     8 |     6 ||    14
 Abil: Shaft Self        |     4 |     2 ||     6
       Dig               |     1 |       ||     1
  Use: Scroll            |       |     3 ||     3
 Stab: Sleeping          |     1 |     2 ||     3
